 Dungeon Crawl Stone Soup version 0.32-a0-392-gb00f77f (webtiles) character file.

Game seed: 6301392964866056946

200 Dorkslayer the Chopper (level 5, -8/46 HPs)
             Began as a Mountain Dwarf Fighter on Feb 19, 2024.
             Mangled by a crocodile (13 damage)
             ... in a sewer.
             The game lasted 00:03:30 (2026 turns).

Dorkslayer the Chopper (Mountain Dwarf Fighter)     Turns: 2026, Time: 00:03:31

Health: -8/46      AC: 11    Str: 20    XL:     5   Next: 48%
Magic:  5/5        EV:  6    Int:  9    God:
Gold:   84         SH:  0    Dex:  9    Spells: 4/4 levels left

rFire   . . .        a - +0 war axe
rCold   . . .        c - +0 buckler
rNeg    . . .        o - +0 plate armour
rPois   .            (no helmet)
rElec   .            (no cloak)
rCorr   .            (no gloves)
SInv    .            (no boots)
Will    .....        n - amulet of magic regeneration Stlth
                     (no ring)
HPRegen 0.27/turn    (no ring)
MPRegen 0.49/turn

%: no passive effects
@: confused, ambrosia-drunk, hasted, very quick
A: runic magic, artefact enchanting
a: no special abilities


You were in a sewer.
You visited 1 branch of the dungeon, and saw 3 of its levels.
You also visited: Sewer.

You collected 84 gold pieces.

Inventory:

Hand Weapons
 a - a +0 war axe (weapon)
 l - a +0 war axe
Missiles
 b - 3 boomerangs (quivered)
Armour
 c - a +0 buckler (worn)
 o - a +0 plate armour (worn)
Jewellery
 n - an amulet of magic regeneration (around neck)
Scrolls
 f - 2 scrolls of teleportation {unknown}
 g - a scroll of revelation {unknown}
 h - 5 scrolls of identify {unknown}
 i - a scroll of blinking {unknown}
 k - a scroll of silence {unknown}
 q - a scroll of fog {unknown}
Potions
 d - a potion of might
 e - a potion of attraction {unknown}
 j - 2 potions of ambrosia
 m - a potion of degeneration {unknown}
 p - a potion of haste


   Skills:
 + Level 4.3 Fighting
 + Level 4.3 Axes
 + Level 3.9 Armour
 * Level 1.3 Dodging
 + Level 0.6 Stealth
 + Level 3.9 Shields


You had 4 spell levels left.
You didn't know any spells.
Your spell library contained the following spells:

 Spells                   Type           Power      Damage    Failure   Level
 Hailstorm                Conj/Ice       0%         3d5       98%         3
 Summon Ice Beast         Ice/Summ       0%         N/A       98%         3
 Sculpt Simulacrum        Ice/Alch       0%         N/A       100%        6


Dungeon Overview and Level Annotations

Branches:
Dungeon (3/15)              Sewer (1/1)

Altars:
Ru


Innate Abilities, Weirdness & Mutations

Your spellcasting is much less encumbered by armour.
You can use scrolls of enchantment on lesser artefacts.


Message History

The crocodile bites you. The crocodile drags you backwards!
You completely miss the crocodile.
The crocodile is heavily wounded.
The crocodile bites you! The crocodile drags you backwards!
The crocodile bites you!
* * * LOW HITPOINT WARNING * * *
You slash the crocodile!
The crocodile is almost dead.
The crocodile barely misses you.
You closely miss the crocodile.
The crocodile is almost dead.
The crocodile closely misses you.
You miss the crocodile.
The crocodile is severely wounded.
The crocodile barely misses you.
The crocodile bites you but does no damage.
You hit the crocodile.
The crocodile is almost dead.
The crocodile bites you but does no damage.
Okay, then.
It was a potion of ambrosia.
You are confused.
You feel invigorated.
The crocodile bites you but does no damage.
You're too confused to move!
The crocodile hisses menacingly.
The crocodile bites you!
* * * LOW HITPOINT WARNING * * *
It was a potion of haste.
You feel yourself speed up.
The crocodile bites you but does no damage.
Okay, then.
The crocodile attacks as it pursues you!
The crocodile bites you!
* * * LOW HITPOINT WARNING * * *
The crocodile drags you backwards!
You see here a wand of roots (6).
You barely miss the crocodile.
The crocodile is almost dead.
The crocodile bites you!
You die...

#######
##$)l)$##
#..$@$..#
#.......#
#.......#
#.......#
#.......#
##.....##
#######
###.###
##..†..##
#!#
#...≈.†.##
#.#


You could see a crocodile.

Vanquished Creatures
  A brain worm (Sewer)
  An iguana (D:2)
  An adder (D:2)
  3 ribbon worms
  2 ball pythons
  6 endoplasms
  4 giant cockroaches
  5 goblins
  9 hobgoblins
  4 jackals (D:2)
  5 quokkas
  5 bats (Sewer)
  2 frilled lizards
  A kobold (D:3)
  3 rats (D:2)
52 creatures vanquished.

Notes
Turn   | Place    | Note
-------+----------+-------------------------------------------
     0 | D:1      | Dorkslayer the Mountain Dwarf Fighter began the quest for
                  | the Orb.
     0 | D:1      | Reached XP level 1. HP: 19/19 MP: 1/1
   173 | D:1      | Reached XP level 2. HP: 26/26 MP: 2/2
   916 | D:2      | Reached XP level 3. HP: 11/33 MP: 3/3
  1067 | D:2      | Reached XP level 4. HP: 34/40 MP: 4/4
  1440 | D:2      | Found a sacrificial altar of Ru.
  1551 | D:2      | Reached skill level 1 in Dodging
  1944 | D:3      | Found a glowing drain.
  1965 | Sewer    | Entered a sewer
  1986 | Sewer    | Noticed a brain worm
  1992 | Sewer    | Killed a brain worm
  1993 | Sewer    | Reached XP level 5. HP: 46/46 MP: 5/5
  2008 | Sewer    | Noticed a crocodile
  2025 | Sewer    | HP: 1/46 [crocodile (9)]
  2026 | Sewer    | Mangled by a crocodile

Illustrated notes

Levels and vault maps discovered:
D:1:      minmay_arrival_four_houses, layout_basic, serial_corexii_hall,
          corexii_hall_statues_deadend, corexii_hall_statues_i
D:2:      layout_loops_corners, basic_altar
D:3:      layout_rooms, portal_sewer_entry_f, minmay_fractal_squares_gapless_5
Sewer:    sewer_big_baddie

Skill      XL: |  1  2  3  4 |
---------------+-------------+-----
Fighting       | 4 |  4.3
Axes           | 4 |  4.3
Dodging        | 1 |  1.3
Armour         | |  3.9
Stealth        | |  0.6
Shields        | |  3.9

Action                     |  1- 3 |  4- 6 || total
---------------------------+-------+-------++-------
  Melee: War axe           |    66 |    93 ||   159
    Use: Potion            |       |     2 ||     2
 Armour: Scale mail        |    58 |    14 ||    72
         Plate armour      |       |    94 ||    94
  Dodge: Dodged            |    31 |    38 ||    69
  Block: Buckler           |    18 |    30 ||    48

Table legend: (Time is in decaauts)
 A = Elapsed time spent in this place.
 B = Non-inter-level travel time spent in this place.
 C = Inter-level travel time spent in this place.
 D = Time resting spent in this place.
 E = Time spent auto-exploring this place.
 F = Levels seen in this place.
 G = Mean time per level.
                   A        B        C        D        E       F      G
               +--------+--------+--------+--------+--------+-----+--------+
         Total |   2086 |   2086 |      0 |      0 |   1349 |   4 |  521.5 |
       Dungeon |   2017 |   2017 |      0 |      0 |   1349 |   3 |  672.3 |
         Sewer |     69 |     69 |      0 |      0 |      0 |   1 |   69.0 |
               +--------+--------+--------+--------+--------+-----+--------+

Top non-repeatable levels by time:
     D:2: 1047 daAuts
     D:1: 897 daAuts
     D:3: 72 daAuts
   Sewer: 69 daAuts
